 Dungeon Crawl Stone Soup version 0.29.1-13-g9f3cf754e1 (webtiles) character file.

Game seed: 6276070823169865241

91 cdecastro the Insei (level 4, 0/32 HPs)
             Began as a Merfolk Transmuter on Jan 29, 2023.
             Shot with a sling bullet by a goblin (2 damage)
             ... on level 4 of the Dungeon.
             The game lasted 00:04:14 (3025 turns).

cdecastro the Insei (Merfolk Transmuter)            Turns: 3025, Time: 00:04:14

Health: 0/32       AC:  2    Str: 12    XL:     4   Next: 59%
Magic:  7/7        EV: 12    Int: 12    God:
Gold:   203        SH:  0    Dex: 14    Spells: 4/7 levels left

rFire   . . .      SeeInvis .     - Unarmed
rCold   . . .      Faith    .   (no shield)
rNeg    . . .      Spirit   .   a - +0 robe
rPois   .          Reflect  .   (helmet currently unavailable)
rElec   .          Harm     .   (no cloak)
rCorr   .          Rampage  .   (no gloves)
Will    .....                   (boots currently unavailable)
Stlth   +.........              (no amulet)
HPRegen 0.10/turn               (no ring)
MPRegen 0.10/turn               (no ring)

@: appendages (expiring)
A: horns 2, (nimble swimmer 2), mertail
a: End Transformation


You were on level 4 of the Dungeon.
You had temporarily grown beastly horns.
You visited 1 branch of the dungeon, and saw 4 of its levels.

You collected 203 gold pieces.

Inventory:

Missiles
 r - 2 poisoned darts
 s - 4 datura-tipped darts
Armour
 a - a +0 robe (worn)
 j - a +0 ring mail
 k - a +0 leather armour
Jewellery
 n - a ring of willpower
Scrolls
 d - 4 scrolls of identify {unknown}
 e - a scroll of fog {unknown}
 f - 3 scrolls of magic mapping {unknown}
 g - a scroll of noise {unknown}
 i - 6 scrolls of teleportation {unknown}
 l - a scroll of brand weapon {unknown}
 o - 2 scrolls of fear {unknown}
 p - 2 scrolls of enchant armour {unknown}
 t - a scroll of enchant weapon {unknown}
Potions
 b - 2 potions of lignification
 c - 2 potions of brilliance {unknown}
 h - 3 potions of curing {unknown}
 m - a potion of attraction {unknown}
 q - a potion of berserk rage {unknown}
 u - a potion of degeneration {unknown}


   Skills:
 - Level 1.1 Fighting
 - Level 2.6 Dodging
 * Level 5.0 Unarmed Combat
 - Level 2.0 Spellcasting
 + Level 4.1 Transmutations


You had 4 spell levels left.
You knew the following spells:

 Your Spells              Type           Power      Damage    Failure   Level
a - Beastly Appendage     Tmut           22%        N/A       4%          1
b - Wereblood             Tmut           11%        N/A       8%          2

Your spell library contained the following spells:

 Spells                   Type           Power      Damage    Failure   Level
 Freeze                   Ice            4%         1d3       26%         1
 Spider Form              Tmut/Pois      6%         N/A       34%         3
 Frozen Ramparts          Ice            2%         1d1       63%         3
 Ice Form                 Ice/Tmut       6%         N/A       75%         4
 Hailstorm                Conj/Ice       1%         3d3       95%         4


Dungeon Overview and Level Annotations

Branches:
Dungeon (4/15)
 Temple: D:4-7

Altars:
Zin

Shops:
D:1 =

Annotations:
D:2 1 runed translucent door, Crazy Yiuf, Sigmund


Innate Abilities, Weirdness & Mutations

You have temporarily grown beastly horns.
((You are very nimble when in or above water. (Stealth+, EV+, Speed+++)))
Your lower body shifts to a powerful aquatic tail in water.


Message History

You grow a pair of large bovine horns.
The goblin shoots a sling bullet.
The sling bullet closely misses you.
The goblin shoots a sling bullet.
The sling bullet hits you. The sling bullet freezes you.
An orc priest comes into view. It is wielding a +0 war axe.
The goblin shoots a sling bullet.
The sling bullet barely misses you.
The orc priest calls down the wrath of Beogh upon you.
Beogh smites you!
* * * LOW HITPOINT WARNING * * *
The goblin shoots a sling bullet.
The sling bullet hits you.
* * * LOW HITPOINT WARNING * * *
The sling bullet freezes you.
* * * LOW HITPOINT WARNING * * *
There is an open door here.
The ball python attacks as you move away!
The ball python bites you.
* * * LOW HITPOINT WARNING * * *
The ball python closely misses you.
You hit the ball python.
The ball python is moderately wounded.
The ball python closely misses you. The ball python barely misses you.
You punch the ball python!
You kill the ball python!
The goblin shoots a sling bullet.
The sling bullet hits you.
* * * LOW HITPOINT WARNING * * *
The sling bullet freezes you.
* * * LOW HITPOINT WARNING * * *
The goblin unwields a +2 sling of freezing.
The goblin wields a +0 club.
The goblin closely misses you.
You see here a ball python corpse.
Unknown command.
The goblin attacks as you move away! The goblin hits you but does no damage.
Your transformation is almost over.
The goblin unwields a +0 club.
The goblin wields a +2 sling of freezing.
It is covered in frost.
The goblin shoots a sling bullet.
The sling bullet hits you.
* * * LOW HITPOINT WARNING * * *
The sling bullet freezes you.
You die...

#.# 8..8 #.# #..# #..
#.# #..# #.. #.# #..#
#.# #.# #..# #.# #.#
#..# #.# #.# #o# #.#
#.# #g######.# #.#
#.†@.....# #.#
########.# #.# #.#
#.# #.# #.# #.# #.#
#.# #.# #.#
#.#################.#
#...................#


You could see a goblin.

Vanquished Creatures
  2 adders
  3 worms (D:3)
  4 dart slugs
  An orc (D:3)
  7 ball pythons
  3 bats (D:3)
  2 endoplasms
  5 giant cockroaches
  5 hobgoblins
  4 jackals (D:2)
  5 kobolds
  A quokka (D:1)
  2 frilled lizards
  4 goblins (D:3)
  5 rats
53 creatures vanquished.

Notes
Turn   | Place    | Note
-------+----------+-------------------------------------------
     0 | D:1      | cdecastro the Merfolk Transmuter began the quest for the
                  | Orb.
     0 | D:1      | Reached XP level 1. HP: 15/15 MP: 3/3
   154 | D:1      | Found Tuatuvis's Jewellery Shoppe.
   370 | D:1      | Reached XP level 2. HP: 21/21 MP: 3/5
  1023 | D:2      | Reached skill level 4 in Unarmed Combat
  1123 | D:2      | Found a faded altar of an unknown god.
  1139 | D:2      | Reached XP level 3. HP: 13/26 MP: 4/6
  1503 | D:2      | Found a runed translucent door.
  1504 | D:2      | Noticed Crazy Yiuf
  1632 | D:2      | Noticed Sigmund
  1856 | D:3      | Learned a level 2 spell: Wereblood
  1940 | D:3      | Reached XP level 4. HP: 32/32 MP: 4/7
  2469 | D:3      | Reached skill level 5 in Unarmed Combat
  2858 | D:3      | Found a glowing silver altar of Zin.
  2921 | D:4      | Noticed a scorpion
  3025 | D:4      | Shot with a sling bullet by a goblin

Illustrated notes

Levels and vault maps discovered:
D:1:      zelgadis_glass_arrival_large, layout_rooms, serial_shops, shop,
          minmay_pentomino_u2
D:2:      layout_rooms, ebering_ecumenical_altar_ruins, uniq_crazy_yiuf_cottage,
          uniq_sigmund
D:3:      layout_basic, zin_statuary, minivault_27, minmay_joined_circles
D:4:      minmay_chambers_of_twos, layout_basic,
          mainiacjoe_overflow_surrounded_room, gammafunk_ghost_mausoleum,
          uniq_menkaure

Skill      XL: |  1  2  3  4 |
---------------+-------------+-----
Transmutations | 3 4 |  4.1
Unarmed Combat | 4 5 |  5.0
Fighting       | |  1.1
Dodging        | |  2.6
Spellcasting   | |  2.0

Action                   |  1- 3 |  4- 6 || total
-------------------------+-------+-------++-------
Melee: Unarmed           |   109 |    55 ||   164
       Headbutt          |    15 |     8 ||    23
 Cast: Beastly Appendage |    21 |    11 ||    32
Armor: Robe              |    14 |     7 ||    21
Dodge: Dodged            |    63 |    33 ||    96
